[Event "Titled Tuesday Blitz August 1 Late 2023"]
[White "Vasques, Antonio Pedro Freixial"]
[Black "Kochiev, Ivan"]
[WhiteFideId "1908332"]
[BlackFideId "2917890"]
[WhiteElo "2303"]
[BlackElo "2555"]
[Result "1-0"]
[Round "1"]
[TimeControl "180+1"]
[Date "2023.08.01"]
[WhiteClock "0:00:07"]
[BlackClock "0:00:02"]
[Board "137"]

1. e4 c5 2. Nf3 d6 3. d4 cxd4 4. Nxd4 Nf6 5. Nc3 Nc6 6. Bg5 e6 7. Qd2 a6 8. O-O-O Bd7 9. Kb1 Be7 10. f4 O-O 11. g4 h6 12. Bxf6 Bxf6 13. Nxc6 Bxc6 14. Bd3 b5 15. h4 Qa5 16. Nd5 Qxd2 17. Nxf6+ gxf6 18. Rxd2 Kg7 19. Rg1 e5 20. g5 hxg5 21. hxg5 fxg5 22. Rxg5+ Kf6 23. Rf5+ Ke6 24. fxe5 dxe5 25. a4 Rad8 26. Rh2 Rd4 27. axb5 axb5 28. Rh6+ f6 29. Rh7 Bxe4 30. Bxe4 Rxe4 31. Rf3 Ra8 32. b3 b4 33. Rb7 Ra6 34. Rd3 f5 35. Rh3 Kd5 36. Rd3+ Kc6 37. Rbd7 Rd4 38. R3xd4 exd4 39. Rxd4 Kc5 40. Rf4 Rf6 41. Kc1 Kd5 42. Kd2 Ke5 43. Rxb4 f4 44. Ke2 Rc6 45. c4 Kd4 46. Kf3 Kc3 47. Rb5 Rf6 48. c5 Kd4 49. b4 Kd5 50. Rb6 Rf8 51. c6 Ke5 52. b5 Rg8 53. Rb7 Rg3+ 54. Kf2 Rc3 55. c7 Ke4 56. b6 Rc2+ 57. Kg1 Kf3 58. Rb8 Kg3 59. c8=Q Rxc8 60. Rxc8 1-0


[Site "https://www.chess.com"]

[Event "Titled Tuesday Blitz August 1 Late 2023"]
[White "Vlassov, Nikolai"]
[Black "Akhayan, Ruben"]
[WhiteFideId "4103360"]
[BlackFideId "204439"]
[WhiteElo "2554"]
[BlackElo "2301"]
[Result "1-0"]
[Round "1"]
[TimeControl "180+1"]
[Date "2023.08.01"]
[WhiteClock "0:00:19"]
[BlackClock "0:00:52"]
[Board "138"]

1. e4 e5 2. Bc4 Nf6 3. d3 Nc6 4. Nf3 Bc5 5. Bg5 d6 6. Nc3 Na5 7. Nd2 Nxc4 8. Nxc4 h6 9. Bh4 Be6 10. Ne3 Qd7 11. Bxf6 gxf6 12. Ncd5 Qd8 13. Qf3 f5 14. Nxf5 Bxd5 15. exd5 Qf6 16. O-O-O O-O-O 17. c3 Kb8 18. Kc2 Bb6 19. b4 Rhg8 20. a4 a6 21. Rb1 Ba7 22. a5 Rg5 23. g4 h5 24. h3 Rdg8 25. Rhg1 hxg4 26. hxg4 R5g6 27. b5 axb5 28. Rxb5 Ka8 29. Rb4 Rg5 30. Rgb1 Rb8 31. Qe4 Qh8 32. Rh1 Qg8 33. Qc4 Rxf5 34. gxf5 Qg2 35. Rd1 Qxf2+ 36. Rd2 Qe1 37. a6 Qa1 38. axb7+ Rxb7 39. Qc6 Bb6 40. Ra4+ Kb8 41. Qe8# 1-0


[Site "https://www.chess.com"]

[Event "Titled Tuesday Blitz August 1 Late 2023"]
[White "Ardila, Oscar Humberto"]
[Black "Fiorito, Francisco"]
[WhiteFideId "4404742"]
[BlackFideId "180165"]
[WhiteElo "2299"]
[BlackElo "2553"]
[Result "1-0"]
[Round "1"]
[TimeControl "180+1"]
[Date "2023.08.01"]
[WhiteClock "0:00:16"]
[BlackClock "0:00:00"]
[Board "139"]

1. d4 a6 2. Nf3 b5 3. e4 Bb7 4. Bd3 e6 5. O-O Nf6 6. Re1 Be7 7. a4 b4 8. Nbd2 d5 9. e5 Nfd7 10. Nf1 c5 11. c3 bxc3 12. bxc3 Nc6 13. Rb1 Rb8 14. Qe2 cxd4 15. cxd4 Nb4 16. Ba3 a5 17. Bb5 O-O 18. Rec1 Nb6 19. Ne3 Rc8 20. h3 h6 21. Ne1 Na8 22. Rxc8 Bxc8 23. Nd3 Nxd3 24. Qxd3 Bd7 25. Bc5 Nc7 26. Bb6 Bb4 27. Rc1 Nxb5 28. Bxd8 Nxd4 29. Qxd4 Rxd8 30. Qa7 Bxa4 31. Rc7 Rf8 32. Ng4 h5 33. Ne3 Bb5 34. Qb7 Bd3 35. Rc8 d4 36. Rxf8+ Bxf8 37. Nf1 Bc2 38. Qb6 d3 39. Qxa5 g6 40. Ne3 Bh6 41. Qd8+ Kh7 42. Qc7 Bb3 43. Qxf7+ Bg7 44. Qd7 1-0


[Site "https://www.chess.com"]

[Event "Titled Tuesday Blitz August 1 Late 2023"]
[White "Geivondian, Arman"]
[Black "Miguelitro69"]
[WhiteFideId "24102032"]
[WhiteElo "2550"]
[BlackElo "2299"]
[Result "1-0"]
[Round "1"]
[TimeControl "180+1"]
[Date "2023.08.01"]
[WhiteClock "0:02:35"]
[BlackClock "0:00:57"]
[Board "140"]

1. e4 c5 2. Nf3 Nc6 3. Bb5 e6 4. Bxc6 bxc6 5. O-O Ne7 6. Re1 Ng6 7. c3 Be7 8. d3 e5 9. Be3 d6 10. Nbd2 O-O 11. a4 f5 12. exf5 Bxf5 13. b4 cxb4 14. cxb4 Bxd3 15. Qb3+ d5 16. Qxd3 e4 17. Nxe4 dxe4 18. Qxe4 Bf6 19. Rad1 Qc7 20. Bc5 Rfe8 21. Qc4+ Kh8 22. g3 Ne5 23. Nxe5 Rxe5 24. Rxe5 Bxe5 25. Qe6 Bf6 26. Rd7 Qe5 27. Qxe5 Bxe5 28. Rxa7 Rd8 29. Re7 Bf6 30. Rc7 h5 31. Rxc6 h4 32. Kg2 Kh7 33. a5 Kg6 34. a6 Kg5 35. a7 Kg4 36. h3+ Kf5 37. b5 hxg3 38. b6 gxf2 39. Bxf2 Ke4 40. b7 1-0


[Site "https://www.chess.com"]

[Event "Titled Tuesday Blitz August 1 Late 2023"]
[White "Georg, Heinz"]
[Black "Castaneda, Jhon David"]
[WhiteFideId "4607295"]
[BlackFideId "4405048"]
[WhiteElo "2294"]
[BlackElo "2550"]
[Result "0-1"]
[Round "1"]
[TimeControl "180+1"]
[Date "2023.08.01"]
[WhiteClock "0:00:00"]
[BlackClock "0:00:20"]
[Board "141"]

1. c4 e6 2. Nc3 c5 3. e4 Nc6 4. g3 g6 5. Bg2 Bg7 6. Nge2 Nge7 7. O-O O-O 8. d3 d6 9. Be3 Nd4 10. f4 f5 11. Rb1 Nec6 12. a3 a5 13. Bxd4 Nxd4 14. Kh1 Qb6 15. Nxd4 Bxd4 16. Ne2 Bg7 17. Qc2 Bd7 18. Qd2 a4 19. Rfd1 Kh8 20. d4 cxd4 21. Nxd4 Rac8 22. exf5 gxf5 23. Qe3 Rxc4 24. Nxf5 Qxe3 25. Nxe3 Rc7 26. Rxd6 Rb8 27. h3 Bf8 28. Rd2 b5 29. Ng4 b4 30. Rbd1 Bb5 31. axb4 Be7 32. Ne5 Be8 33. Nd7 Rxb4 34. Ne5 Bh5 35. g4 Be8 36. Rf1 Bb5 37. Rff2 Bc5 38. Rf3 Be7 39. Rc3 Ra7 40. f5 Bf6 41. Re3 Bg5 42. Red3 Bxd3 43. Rxd3 exf5 44. gxf5 Rxb2 45. Rd8+ Kg7 46. Ng4 a3 47. Rd6 a2 48. f6+ Bxf6 0-1


[Site "https://www.chess.com"]

[Event "Titled Tuesday Blitz August 1 Late 2023"]
[White "Karwowski, Kacper"]
[Black "Fernandez Siles, Luis"]
[WhiteFideId "1126032"]
[BlackFideId "2209420"]
[WhiteElo "2550"]
[BlackElo "2291"]
[Result "1-0"]
[Round "1"]
[TimeControl "180+1"]
[Date "2023.08.01"]
[WhiteClock "0:01:12"]
[BlackClock "0:00:00"]
[Board "142"]

1. d4 Nf6 2. Nf3 g6 3. g3 Bg7 4. Bg2 O-O 5. O-O d6 6. b3 e5 7. Bb2 Nc6 8. dxe5 Ng4 9. c4 Ncxe5 10. Nxe5 Nxe5 11. Nc3 a5 12. Qd2 Nc6 13. Rad1 Be6 14. Nd5 Bxd5 15. cxd5 Ne5 16. Rc1 a4 17. b4 a3 18. Ba1 b5 19. Qc3 f6 20. Qxc7 Nc4 21. Qxd8 Rfxd8 22. e3 Ra4 23. Bd4 Rxb4 24. Rb1 Rxb1 25. Rxb1 Rb8 26. Bf1 Nb2 27. Bxb2 axb2 28. Rxb2 b4 29. a3 b3 30. Bc4 f5 31. Rxb3 Rxb3 32. Bxb3 Kf8 33. Kf1 Ke7 34. Ke2 Kd8 35. Kd3 Kc7 36. Kc4 Kb6 37. Ba4 1-0


[Site "https://www.chess.com"]

[Event "Titled Tuesday Blitz August 1 Late 2023"]
[White "Arias Igual, Alejandro"]
[Black "Ambartsumova, Karina"]
[WhiteFideId "2254905"]
[BlackFideId "4166299"]
[WhiteElo "2287"]
[BlackElo "2549"]
[Result "0-1"]
[Round "1"]
[TimeControl "180+1"]
[Date "2023.08.01"]
[WhiteClock "0:00:13"]
[BlackClock "0:01:08"]
[Board "143"]

1. Nf3 Nf6 2. g3 g6 3. Bg2 Bg7 4. O-O O-O 5. d3 d5 6. Nbd2 c5 7. e4 Nc6 8. c3 e5 9. Re1 Re8 10. exd5 Nxd5 11. a4 Be6 12. Nc4 Qc7 13. Ne3 Rad8 14. Qc2 Nxe3 15. Bxe3 Bf5 16. Bxc5 Bxd3 17. Qc1 e4 18. Nd2 f5 19. Nf1 Ne5 20. Bd4 Bxf1 21. Bxe5 Bxe5 22. Bxf1 Rd6 23. Qe3 a6 24. Rad1 Red8 25. Rxd6 Qxd6 26. Bc4+ Kg7 27. Bb3 Bf6 28. Rd1 Qe5 29. Rxd8 Bxd8 30. Qd4 Qxd4 31. cxd4 Bf6 32. Bd5 b6 33. Bb7 a5 34. b3 Bxd4 35. Kg2 Kf6 36. h4 h6 37. Kf1 g5 38. hxg5+ hxg5 39. Ke2 Ke5 40. Bc8 Bc5 41. Bd7 f4 42. gxf4+ gxf4 43. f3 exf3+ 44. Kxf3 Be3 45. Bb5 Kd4 46. Bc4 Kc3 47. Bd5 Kd2 48. Bc4 Kc3 49. Be6 Kb4 50. Bc4 b5 51. Be6 bxa4 52. bxa4 Kxa4 53. Bd5 Kb4 54. Ke2 Kc3 55. Bc6 Bb6 56. Bd7 Kb3 57. Kf3 Bc7 58. Be6+ Kb4 59. Bd5 a4 60. Ke2 Kc3 0-1


[Site "https://www.chess.com"]

[Event "Titled Tuesday Blitz August 1 Late 2023"]
[White "Grinev, Valeriy"]
[Black "Ward, Ieuan C"]
[WhiteFideId "14117517"]
[BlackFideId "406627"]
[WhiteElo "2548"]
[BlackElo "2287"]
[Result "0-1"]
[Round "1"]
[TimeControl "180+1"]
[Date "2023.08.01"]
[WhiteClock "0:00:47"]
[BlackClock "0:00:18"]
[Board "144"]

1. d4 Nf6 2. c4 e6 3. Nc3 Bb4 4. e3 O-O 5. Bd2 b6 6. Bd3 Bb7 7. Nf3 d5 8. cxd5 exd5 9. O-O Nbd7 10. Rc1 c5 11. a3 Bxc3 12. Bxc3 c4 13. Bb1 Re8 14. Ne5 Nxe5 15. dxe5 Ne4 16. Bxe4 dxe4 17. Qd6 Re6 18. Qxd8+ Rxd8 19. Rfd1 Ree8 20. Rd6 Rxd6 21. exd6 Rd8 22. Rd1 f6 23. Rd4 b5 24. a4 a6 25. axb5 axb5 26. g4 Kf7 27. Ba5 Rd7 28. Bc7 Ke6 29. Kg2 g6 30. Kg3 Bc6 31. Kf4 Rf7 32. h4 f5 33. g5 Rf8 34. Rd1 Ra8 35. h5 Ra2 36. Rh1 Be8 37. hxg6 Bxg6 38. Rb1 Be8 39. f3 exf3 40. Kxf3 Bh5+ 41. Kf4 Be8 42. e4 fxe4 43. Re1 Bg6 44. Rd1 Kd7 45. Rd5 Rxb2 46. Re5 Rd2 47. Rxb5 c3 48. Rc5 c2 49. Ke3 Rd3+ 50. Kf4 Rf3+ 51. Kg4 Bf5+ 52. Rxf5 Rxf5 53. Kxf5 c1=Q 54. Kxe4 Qxg5 55. Kf3 h5 56. Ke4 h4 57. Kf3 h3 58. Bb6 h2 0-1


[Site "https://www.chess.com"]

[Event "Titled Tuesday Blitz August 1 Late 2023"]
[White "Chemin, Justo Reinaldo"]
[Black "Santos Flores, Alberto"]
[WhiteFideId "2101580"]
[BlackFideId "3601234"]
[WhiteElo "2285"]
[BlackElo "2546"]
[Result "0-1"]
[Round "1"]
[TimeControl "180+1"]
[Date "2023.08.01"]
[WhiteClock "0:00:00"]
[BlackClock "0:00:59"]
[Board "145"]

1. d4 d5 2. e3 Nf6 3. Nf3 c6 4. Bd3 Bg4 5. b3 Nbd7 6. Bb2 e6 7. Nbd2 Bd6 8. h3 Bh5 9. g4 Bg6 10. Ne5 Bxd3 11. cxd3 Qe7 12. f4 Ba3 13. Bxa3 Qxa3 14. g5 Nxe5 15. gxf6 Nxd3+ 16. Ke2 Qa6 17. fxg7 Rg8 18. Kf3 Rxg7 19. Rg1 Rg6 20. h4 O-O-O 21. h5 Rgg8 22. Qe2 Nb4 23. Qxa6 Nxa6 24. f5 Kd7 25. f6 Nc7 26. e4 dxe4+ 27. Nxe4 Nd5 28. Rg7 Rxg7 29. fxg7 h6 30. Rg1 Rg8 31. Nc5+ Kc7 32. Ke4 Nf6+ 33. Ke5 Nxh5 34. Rh1 Ng3 0-1


[Site "https://www.chess.com"]

[Event "Titled Tuesday Blitz August 1 Late 2023"]
[White "Shapiro, Viktor"]
[Black "Garmendiarov"]
[WhiteFideId "4175700"]
[WhiteElo "2545"]
[BlackElo "2273"]
[Result "1-0"]
[Round "1"]
[TimeControl "180+1"]
[Date "2023.08.01"]
[WhiteClock "0:01:06"]
[BlackClock "0:00:05"]
[Board "146"]

1. c4 g6 2. Nc3 c5 3. Nf3 Bg7 4. g3 Nc6 5. Bg2 e6 6. d3 Nge7 7. a3 O-O 8. Bg5 h6 9. Bd2 d5 10. O-O Rb8 11. Rb1 b6 12. b4 cxb4 13. axb4 dxc4 14. dxc4 Bb7 15. c5 bxc5 16. bxc5 Nd5 17. Nb5 Ba6 18. Qa4 Bxb5 19. Rxb5 Rxb5 20. Qxb5 Nd4 21. Nxd4 Bxd4 22. Bxh6 Bg7 23. Bxg7 Kxg7 24. Qb2+ Qf6 25. Qxf6+ Kxf6 26. Ra1 Rc8 27. e4 Nc3 28. Ra5 Rc7 29. f4 Ne2+ 30. Kf2 Nd4 31. Ke3 Nb3 32. e5+ Ke7 33. Ra3 Nxc5 34. Kd4 Nd7 35. Be4 Nb6 36. h3 Rc4+ 37. Kd3 Rc7 38. g4 Rd7+ 39. Ke2 Kd8 40. Kf3 Kc8 41. h4 Kb8 42. h5 gxh5 43. gxh5 Rd8 44. h6 Rh8 45. h7 Nd5 46. Rd3 Kc7 47. f5 Kc6 48. f6 a5 49. Kg4 a4 50. Kg5 Kc5 51. Kh6 Nf4 52. Rf3 Nd5 53. Kg7 Rxh7+ 54. Bxh7 Kb4 55. Bg8 a3 56. Rxa3 Kxa3 57. Bxf7 Nf4 58. Be8 Nd3 59. f7 Nxe5 60. f8=Q+ Kb3 61. Qd6 Nc4 62. Qxe6 Kc3 63. Bf7 Nd2 64. Qc6+ Kd3 65. Bg6+ Ke3 66. Qc5+ Ke2 67. Qd4 Nf3 68. Bh5 Ke1 69. Qe3+ Kf1 70. Qxf3+ Kg1 71. Qe2 Kh1 72. Bg4 Kg1 73. Bh3 1-0


[Site "https://www.chess.com"]

[Event "Titled Tuesday Blitz August 1 Late 2023"]
[White "Vaglio Munoz, Jaime"]
[Black "Hajiyev, Kanan"]
[WhiteFideId "6500145"]
[BlackFideId "13404148"]
[WhiteElo "2273"]
[BlackElo "2545"]
[Result "0-1"]
[Round "1"]
[TimeControl "180+1"]
[Date "2023.08.01"]
[WhiteClock "0:00:00"]
[BlackClock "0:00:13"]
[Board "147"]

1. Nf3 d5 2. c4 c6 3. b3 Nf6 4. Bb2 g6 5. g3 Bg7 6. Bg2 Nh5 7. Qc1 O-O 8. O-O Bg4 9. d3 Nd7 10. Nbd2 e5 11. h3 Bxf3 12. Nxf3 Qe7 13. e4 d4 14. Ba3 c5 15. Rb1 a5 16. Qd1 f5 17. Bc1 f4 18. Qe1 Rf7 19. g4 Nhf6 20. a3 Bf8 21. Nh2 h5 22. Bf3 Kh7 23. Kh1 Qe6 24. Rg1 Rg7 25. Bd2 g5 26. gxh5 Qxh3 27. Qf1 Qxf1 28. Rbxf1 Kh6 29. Ng4+ Nxg4 30. Bxg4 Nf6 31. f3 Nxh5 32. Kg2 Ng3 33. Rb1 Kg6 34. Kf2 Rh7 35. Rg2 Kf6 36. Rxg3 fxg3+ 37. Kxg3 Bd6 38. Bf5 Rh4 39. Bg4 b6 40. Be1 Rah8 41. Bf2 Rh1 42. Rb2 Rd1 43. b4 cxb4 44. axb4 Bxb4 45. f4 gxf4+ 46. Kg2 Rxd3 47. c5 bxc5 48. Rb1 Rg8 49. Kf1 Rxg4 50. Ke2 Ra3 51. Kf1 Ra2 52. Bg1 Rgg2 53. Rc1 a4 54. Rb1 a3 55. Bxd4 exd4 0-1


[Site "https://www.chess.com"]

[Event "Titled Tuesday Blitz August 1 Late 2023"]
[White "Leebit02"]
[Black "Sala, Giulia"]
[BlackFideId "2840451"]
[WhiteElo "2545"]
[BlackElo "2272"]
[Result "1-0"]
[Round "1"]
[TimeControl "180+1"]
[Date "2023.08.01"]
[WhiteClock "0:00:46"]
[BlackClock "0:00:19"]
[Board "148"]

1. e4 g6 2. d4 Bg7 3. Nc3 d6 4. f4 Nf6 5. Nf3 O-O 6. Bd3 Na6 7. O-O c5 8. d5 Nc7 9. a4 a6 10. a5 Rb8 11. Nd2 b5 12. axb6 Rxb6 13. Nc4 Rb4 14. Na5 Bd7 15. Qf3 e6 16. dxe6 Bxe6 17. Nc6 Qa8 18. Nxb4 cxb4 19. Ne2 d5 20. e5 Nd7 21. Be3 Rc8 22. Nd4 Qb7 23. Nb3 h5 24. Qf2 Nb5 25. Nc5 Nxc5 26. Bxc5 Qc6 27. Bxb4 d4 28. Rae1 Qd5 29. Be7 Bh6 30. Qh4 Na7 31. f5 Be3+ 32. Rxe3 dxe3 33. fxe6 Qxe6 34. Bf6 Nc6 35. Qf4 Kf8 36. Qxe3 Ke8 37. Bxa6 Ra8 38. Bb5 Rb8 39. Qc5 Kd7 40. Rd1+ Kc7 41. Rd6 Qe8 42. Rxc6+ Kb7 43. Qb6+ Ka8 44. Qa6# 1-0


[Site "https://www.chess.com"]

[Event "Titled Tuesday Blitz August 1 Late 2023"]
[White "Tqebuchava, Zurab"]
[Black "Kalogeris, Ioannis"]
[WhiteFideId "13601113"]
[BlackFideId "4239563"]
[WhiteElo "2271"]
[BlackElo "2543"]
[Result "0-1"]
[Round "1"]
[TimeControl "180+1"]
[Date "2023.08.01"]
[WhiteClock "0:00:00"]
[BlackClock "0:00:36"]
[Board "149"]

1. e4 e5 2. Nf3 Nc6 3. Bb5 a6 4. Ba4 Nf6 5. O-O b5 6. Bb3 Bc5 7. Nxe5 Nxe5 8. d4 Bxd4 9. Qxd4 d6 10. c3 c5 11. Qe3 O-O 12. h3 c4 13. Bc2 Bb7 14. Re1 Re8 15. Qg3 Nd3 16. Bxd3 cxd3 17. Qxd3 Nxe4 18. Be3 Qf6 19. Nd2 Qg6 20. Nxe4 Bxe4 21. Qf1 Re5 22. Bf4 Bd3 23. Bxe5 Bxf1 24. Rxf1 dxe5 25. Rad1 Qc2 26. Rd7 Qxb2 27. Rfd1 g6 28. Rc7 Qxa2 29. Rdd7 a5 30. c4 Rf8 31. cxb5 Qb1+ 32. Kh2 Qxb5 0-1


[Site "https://www.chess.com"]

[Event "Titled Tuesday Blitz August 1 Late 2023"]
[White "Keleberda, Tymur"]
[Black "Doluhanova, Evgeniya"]
[WhiteFideId "14174294"]
[BlackFideId "14112035"]
[WhiteElo "2542"]
[BlackElo "2270"]
[Result "1-0"]
[Round "1"]
[TimeControl "180+1"]
[Date "2023.08.01"]
[WhiteClock "0:00:20"]
[BlackClock "0:00:02"]
[Board "150"]

1. e4 c5 2. Nf3 d6 3. Bb5+ Nd7 4. O-O g6 5. c3 Bg7 6. d4 a6 7. Bd3 cxd4 8. cxd4 Ngf6 9. Nc3 O-O 10. Bg5 h6 11. Be3 e5 12. Qd2 Kh7 13. a4 b6 14. d5 Nc5 15. Bxc5 bxc5 16. a5 Nh5 17. Rfe1 Bg4 18. Qe3 Nf4 19. Bf1 f5 20. Nd2 Qg5 21. Nc4 Nh3+ 22. Kh1 f4 23. Qd2 Qh4 24. f3 h5 25. fxg4 Nf2+ 26. Kg1 Nxg4 27. h3 f3 28. Nd1 Bh6 29. Qc3 f2+ 30. Nxf2 Qxf2+ 31. Kh1 Bf4 32. hxg4 hxg4 33. g3 Bxg3 34. Re2 Qf6 35. Qxg3 Kg7 36. Bg2 Rh8+ 37. Kg1 Qg5 38. Rf1 Raf8 39. Ref2 Rxf2 40. Qxf2 g3 41. Qf7+ Kh6 42. Qf6 Qh5 43. Qxh8+ 1-0


[Site "https://www.chess.com"]

[Event "Titled Tuesday Blitz August 1 Late 2023"]
[White "Vafin, Ayrat"]
[Black "Janaszak, Dawid"]
[WhiteFideId "4146530"]
[BlackFideId "1119206"]
[WhiteElo "2269"]
[BlackElo "2540"]
[Result "1-0"]
[Round "1"]
[TimeControl "180+1"]
[Date "2023.08.01"]
[WhiteClock "0:00:04"]
[BlackClock "0:00:32"]
[Board "151"]

1. Nf3 g6 2. g3 Bg7 3. d4 Nf6 4. Bg2 O-O 5. c4 d6 6. Nc3 c5 7. O-O Nc6 8. d5 Na5 9. Nd2 e6 10. dxe6 Bxe6 11. Nd5 Qd7 12. Nxf6+ Bxf6 13. Qc2 Bh3 14. Rb1 Bxg2 15. Kxg2 Rfe8 16. e4 Nc6 17. Nf3 Nb4 18. Qe2 Nxa2 19. Bf4 Qc6 20. Rfe1 Nb4 21. Rbd1 Rad8 22. h4 h5 23. Ng5 b6 24. f3 Rd7 25. Rd2 Be5 26. Be3 Red8 27. Red1 a5 28. Nh3 a4 29. Bg5 Re8 30. Nf2 Bd4 31. Be3 Bg7 32. Nh3 Qc7 33. Nf4 Be5 34. Nh3 Nc6 35. Rd5 Nd4 36. Bxd4 cxd4 37. f4 Bg7 38. Nf2 f5 39. Qd3 fxe4 40. Nxe4 Rde7 41. Ng5 Re2+ 42. Kf1 R8e4 43. Nxe4 Re3 44. Qc2 d3 45. R5xd3 Rxe4 46. Rxd6 Rxc4 47. Qxg6 Rc1 48. Rd8+ Qxd8 49. Rxc1 Qa8 50. Qe6+ Kh7 51. Kf2 Bd4+ 52. Ke2 Qg2+ 53. Kd3 Qxb2 54. Qf7+ Bg7 55. Qxh5+ Kg8 56. Qe8+ Bf8 57. Qe6+ Kh7 58. Qf5+ Kh8 59. Qe5+ Bg7 60. Qxb2 Bxb2 61. Rc8+ Kg7 62. g4 a3 63. Ra8 b5 64. Kc2 b4 65. Kb3 Bc3 66. f5 Kf6 67. Ra6+ Kg7 68. g5 Bd2 69. Ra7+ Kg8 70. f6 Bc3 71. h5 Bd2 72. g6 Bf4 73. Ra8+ Bb8 74. Rxb8# 1-0


[Site "https://www.chess.com"]

[Event "Titled Tuesday Blitz August 1 Late 2023"]
[White "Dobrikov, Marco"]
[Black "Schut, Han"]
[WhiteFideId "12950378"]
[BlackFideId "1005561"]
[WhiteElo "2537"]
[BlackElo "2266"]
[Result "1-0"]
[Round "1"]
[TimeControl "180+1"]
[Date "2023.08.01"]
[WhiteClock "0:02:01"]
[BlackClock "0:00:14"]
[Board "152"]

1. d4 Nf6 2. Bf4 d5 3. e3 e6 4. c3 Bd6 5. Bxd6 Qxd6 6. Nd2 O-O 7. Ngf3 b6 8. Bd3 Bb7 9. O-O Ne4 10. Ne5 f6 11. Nef3 Nd7 12. Qc2 f5 13. Ne1 Rac8 14. f3 Nxd2 15. Qxd2 c5 16. f4 c4 17. Bc2 b5 18. Nf3 a5 19. a3 Ra8 20. Qf2 b4 21. Qh4 h6 22. g4 Rf7 23. g5 hxg5 24. Nxg5 Nf6 25. axb4 Re7 26. bxa5 Qc6 27. Kh1 Qb5 28. Rf2 Rxa5 29. Rg1 Bc8 30. Rfg2 Kf8 31. Qh8+ Ng8 32. Nh7+ Kf7 33. Rxg7+ Ke8 34. Qxg8+ Kd7 35. Rxe7+ 1-0


[Site "https://www.chess.com"]

[Event "Titled Tuesday Blitz August 1 Late 2023"]
[White "Andreassen, Lars"]
[Black "ArtemDyachuk"]
[WhiteFideId "1504878"]
[WhiteElo "2264"]
[BlackElo "2535"]
[Result "1-0"]
[Round "1"]
[TimeControl "180+1"]
[Date "2023.08.01"]
[WhiteClock "0:00:04"]
[BlackClock "0:00:00"]
[Board "153"]

1. d4 Nf6 2. Nf3 e6 3. Bg5 Be7 4. e3 O-O 5. c4 c5 6. Nc3 cxd4 7. Nxd4 d5 8. cxd5 exd5 9. Be2 h6 10. Bh4 Nc6 11. O-O Re8 12. Bf3 Ne5 13. Bxf6 Nxf3+ 14. Qxf3 Bxf6 15. Qxd5 Qb6 16. Qb5 Qxb5 17. Ndxb5 Be5 18. Rfd1 Bg4 19. f3 Bh5 20. Rd2 Bxc3 21. Nxc3 Rxe3 22. Rd7 Bg6 23. Rxb7 Rd8 24. Kf2 Red3 25. Re1 a6 26. Ra7 Rd2+ 27. Re2 Rxe2+ 28. Kxe2 f6 29. Ne4 Re8 30. Kf2 Re6 31. Nc5 Rc6 32. b4 Bf7 33. a3 Bc4 34. Ke3 Rd6 35. h4 Kh7 36. h5 Kg8 37. g4 Kh7 38. a4 Rb6 39. Kd4 Bf1 40. Kc3 Bg2 41. Rxa6 Rb8 42. b5 Bxf3 43. Kb4 Bxg4 44. a5 f5 45. Nd7 Rd8 46. Ne5 Bxh5 47. b6 f4 48. b7 f3 49. Ra8 1-0


[Site "https://www.chess.com"]

[Event "Titled Tuesday Blitz August 1 Late 2023"]
[White "Zhang, Derek"]
[Black "Cardozo Munar, Carlos Eduardo"]
[WhiteFideId "2087871"]
[BlackFideId "4409477"]
[WhiteElo "2535"]
[BlackElo "2260"]
[Result "1-0"]
[Round "1"]
[TimeControl "180+1"]
[Date "2023.08.01"]
[WhiteClock "0:00:02"]
[BlackClock "0:00:00"]
[Board "154"]

1. Nf3 d5 2. c4 e6 3. e3 Nf6 4. Nc3 c6 5. b3 Bd6 6. Bb2 O-O 7. Be2 Nbd7 8. Qc2 Re8 9. Rg1 a6 10. g4 b5 11. g5 Ne4 12. Nxe4 dxe4 13. Qxe4 Nc5 14. Qc2 bxc4 15. Bxc4 a5 16. O-O-O a4 17. Qc3 Bf8 18. h4 axb3 19. axb3 Ba6 20. Ne5 Qb6 21. d4 Ne4 22. Qc2 Nd6 23. Rd3 Bxc4 24. bxc4 Qa6 25. Ra3 Qb7 26. Rb3 Qa6 27. Kd2 Reb8 28. Ra1 Qc8 29. Rxa8 Rxa8 30. Ke2 c5 31. Ba3 cxd4 32. exd4 Nf5 33. Bb2 Nxh4 34. c5 Rb8 35. Qc4 Rxb3 36. Qxb3 Qa6+ 37. Qc4 Qxc4+ 38. Nxc4 Nf5 39. c6 Bd6 40. Ba3 Bxa3 41. c7 Ne7 42. Nxa3 Kf8 43. Nb5 Ke8 44. Nd6+ Kd7 45. Nxf7 Kxc7 46. Ke3 Kc6 47. Ke4 Kc7 48. Ke5 Nc6+ 49. Kxe6 Nxd4+ 50. Ke7 Nf3 51. Kf8 h6 52. Kxg7 hxg5 53. Kg6 g4 54. Kf5 Nh2 55. Kf4 Kd7 56. Ne5+ Ke6 57. Nc4 Kf6 58. Ne3 Kg6 59. Kg3 1-0


[Site "https://www.chess.com"]

[Event "Titled Tuesday Blitz August 1 Late 2023"]
[White "Thiel, Thomas"]
[Black "Toropov, Pavel"]
[WhiteFideId "4615964"]
[BlackFideId "24129178"]
[WhiteElo "2258"]
[BlackElo "2535"]
[Result "0-1"]
[Round "1"]
[TimeControl "180+1"]
[Date "2023.08.01"]
[WhiteClock "0:00:02"]
[BlackClock "0:00:05"]
[Board "155"]

1. e4 e6 2. d4 d5 3. Nc3 dxe4 4. Nxe4 Nd7 5. Nf3 Ngf6 6. Nxf6+ Nxf6 7. Bg5 Be7 8. Bd3 O-O 9. Qe2 c5 10. O-O-O cxd4 11. h4 Qa5 12. Kb1 Bd7 13. Ne5 Rad8 14. g4 Bc6 15. Nxc6 bxc6 16. Bxf6 Bxf6 17. g5 Be7 18. Qe4 g6 19. Qxc6 Rb8 20. b3 Rfc8 21. Qa6 Qc3 22. h5 Qc6 23. hxg6 hxg6 24. Qxc6 Rxc6 25. f4 Bd6 26. Rh4 Kf8 27. Be4 Rc3 28. Rxd4 Ke7 29. Bd3 Bc5 30. Ra4 Bb6 31. Rh7 Rg8 32. Rc4 Rxc4 33. Bxc4 Rd8 34. Bd3 Rg8 35. c3 Bc7 36. Rh4 Rd8 37. Kc2 e5 38. fxe5 Bxe5 39. Ra4 Rd7 40. b4 Rc7 41. Ra3 Bf4 42. c4 Bxg5 43. c5 Bf4 44. Bc4 g5 45. Kd3 f5 46. Kd4 g4 47. b5 Kf6 48. Ra6+ Kg5 49. b6 axb6 50. cxb6 Re7 51. Bd5 g3 52. Ra7 Be3+ 53. Kc4 Rxa7 54. bxa7 Bxa7 55. Kd3 Kg4 56. Ke2 f4 57. a4 Kh3 58. Kf1 Kg4 59. Ke2 Bb6 60. Kf1 f3 61. Be6+ Kf4 62. Bh3 Kg5 63. Bd7 g2+ 0-1


[Site "https://www.chess.com"]

[Event "Titled Tuesday Blitz August 1 Late 2023"]
[White "Martinez Reyes, Pedro Ramon"]
[Black "Fernandez Bustamante, Leancy B."]
[WhiteFideId "3901807"]
[BlackFideId "3523870"]
[WhiteElo "2534"]
[BlackElo "2255"]
[Result "1-0"]
[Round "1"]
[TimeControl "180+1"]
[Date "2023.08.01"]
[WhiteClock "0:00:52"]
[BlackClock "0:00:43"]
[Board "156"]

1. d4 c5 2. d5 d6 3. c4 Nf6 4. Nc3 g6 5. e4 Bg7 6. Nf3 O-O 7. h3 e5 8. Be3 Ne8 9. g4 Na6 10. a3 Nac7 11. Rg1 Kh8 12. Qd2 f5 13. gxf5 gxf5 14. exf5 Bxf5 15. Bh6 Bg6 16. Bg5 Qd7 17. Nh4 Bh5 18. Ne4 b5 19. Bh6 Rg8 20. Bxg7+ Rxg7 21. Rxg7 Qxg7 22. Nf5 Qg6 23. Qg5 bxc4 24. Bxc4 Qxg5 25. Nxg5 Bg6 26. Ne7 Nf6 27. Nxg6+ hxg6 28. Nf7+ Kg7 29. Nxd6 Rh8 30. O-O-O Rxh3 31. Nb7 Rh4 32. b3 Rd4 33. Nxc5 Ncxd5 34. Ne6+ Kf7 35. Nxd4 exd4 36. Rxd4 Ke6 37. Kd2 Ke5 38. Rh4 Ne4+ 39. Ke1 Nf4 40. Rh7 Ng2+ 41. Kf1 Nf4 42. Rxa7 g5 43. Re7+ Kd4 44. a4 Nd2+ 45. Kg1 Nf3+ 46. Kh1 Nh3 47. Kg2 g4 48. Rf7 Nhg5 49. Rf4+ Kc3 50. Rxg4 Kd2 51. a5 Ne1+ 52. Kf1 Ngf3 53. Re4 Nc2 54. Re2+ Kc3 55. Rxc2+ Kxc2 56. a6 1-0


[Site "https://www.chess.com"]

[Event "Titled Tuesday Blitz August 1 Late 2023"]
[White "Ruge, Edison"]
[Black "Mladek, Richard"]
[WhiteFideId "4401000"]
[BlackFideId "386588"]
[WhiteElo "2254"]
[BlackElo "2532"]
[Result "0-1"]
[Round "1"]
[TimeControl "180+1"]
[Date "2023.08.01"]
[WhiteClock "0:00:51"]
[BlackClock "0:00:50"]
[Board "157"]

1. e4 c5 2. Nf3 d6 3. d3 g6 4. Nbd2 Bg7 5. g3 Nc6 6. Bg2 Rb8 7. h4 Bg4 8. O-O Nf6 9. c3 b5 10. Qc2 O-O 11. Re1 b4 12. e5 dxe5 13. Nxe5 Nxe5 14. Rxe5 bxc3 15. bxc3 Nd7 16. Re1 Qa5 17. Rb1 Qxc3 18. Qxc3 Bxc3 19. Rxb8 Rxb8 20. Rxe7 Ne5 21. Ne4 Rb1 22. Nxc3 Rxc1+ 23. Kh2 Nf3+ 24. Bxf3 Bxf3 25. g4 Rxc3 26. Kg3 Rxd3 27. Kf4 Kg7 28. Rxa7 Bd5 29. Rc7 c4 30. h5 h6 31. Ke5 Be6 32. hxg6 Kxg6 33. f4 Bxg4 34. Rxc4 Ra3 35. Rc6+ Kg7 36. f5 Ra5+ 37. Kf4 Bxf5 38. a4 Be6 39. Rc4 Bxc4 0-1


[Site "https://www.chess.com"]